 Dungeon Crawl Stone Soup version 0.24-a0-115-gd155597 (console) character file.

Game seed: 15948841571721826112

97 Duffy the Chopper (level 4, 0/39 HPs)
             Began as a Naga Gladiator on Feb 16, 2019.
             Slain by a centaur (1 damage)
             ... on level 5 of the Dungeon.
             The game lasted 00:00:59 (913 turns).

Duffy the Chopper (Naga Gladiator)                   Turns: 913, Time: 00:00:59

Health: 0/39       AC:  4    Str: 16    XL:     4   Next: 68%
Magic:  4/4        EV:  9    Int: 10    God:
Gold:   62         SH:  0    Dex: 12    Spells: 3/3 levels left

rFire    . . .     SeeInvis +   a - +0 war axe
rCold    . . .     Gourm    .   (no shield)
rNeg     + . .     Faith    .   j - +0 ring mail
rPois    +         Spirit   .   c - +0 helmet
rElec    .         Reflect  .   (no cloak)
rCorr    .         Harm     .   (no gloves)
MR       .....                  (no barding)
Stlth    +.........             (no amulet)
HPRegen  0.13/turn              i - ring of positive energy
MPRegen  0.09/turn              (no ring)

@: very slow
A: large, see invisible, deformed body, poison resistance, slowness 2, slow
metabolism 1, spit poison 1, AC +1
a: Spit Poison


You were on level 5 of the Dungeon.
You were not hungry.

You visited 1 branch of the dungeon, and saw 5 of its levels.

You collected 62 gold pieces.

Inventory:

Hand Weapons
 a - a +0 war axe (weapon)
Missiles
 d - 3 throwing nets (quivered)
Armour
 b - a +0 leather armour
 c - a +0 helmet (worn)
 j - a +0 ring mail (worn)
Jewellery
 i - a ring of positive energy (left hand)
Scrolls
 e - a scroll of blinking {unknown}
 l - a scroll of remove curse {unknown}
 n - a scroll of identify {unknown}
Potions
 g - 2 potions of experience {unknown}
 h - a potion of degeneration {unknown}
 k - a potion of invisibility {unknown}
 m - 2 potions of curing {unknown}
Comestibles
 f - 2 rations


   Skills:
 - Level 2.0 Fighting
 + Level 5.3 Axes
 - Level 1.7 Throwing
 - Level 2.4 Dodging


You had 3 spell levels left.
You didn't know any spells.
Your spell library was empty.

Dungeon Overview and Level Annotations

Branches:
Dungeon (5/15)
 Temple: D:4-7

Altars:
Okawaru


Innate Abilities, Weirdness & Mutations

You cannot wear boots.
Your serpentine skin is tough. (AC +1)
You have supernaturally acute eyesight. (SInv)
Armour fits poorly on your strangely shaped body.
Your system is resistant to poisons. (rPois)
You cover ground very slowly.
You have a slow metabolism.
You can spit poison.


Message History

HP restored.
A centaur comes into view.
The centaur shouts!
The centaur wields a +0 shortbow.
The centaur shoots an arrow.
The arrow hits you!
The centaur shoots an arrow.
The arrow barely misses you.
Things that are here:
2 arrows; a scroll labeled ICOUHI SUHA A centaur is nearby!
A centaur is nearby!
The centaur shoots an arrow.
The arrow hits you.
The centaur shoots an arrow.
The arrow hits you.
You see here an arrow.
A leopard gecko comes into view.
The leopard gecko hisses angrily.
The centaur shoots an arrow.
The arrow hits you.
You see here an arrow.
The centaur shoots an arrow.
The arrow hits you!
The centaur unwields a +0 shortbow.
The centaur barely misses you. The leopard gecko barely misses you.
The centaur hits you.
You die...

#.....#. +.....'
#.....####
#..........
#..........
#..........
#.cl.......
#.@........ ###
#......... ..##
#.(...##+# ...#
#..(..# ...#
#...(%# ...#
#.....+ ...#
#.....# ...#
#.....# ...#
######.....#####


You could see a centaur and a leopard gecko.

Vanquished Creatures
  A scorpion (D:5)
  Robin (D:2)
  A worm (D:2)
  A dart slug (D:2)
  A leopard gecko (D:2)
  An orc (D:5)
  12 goblins (D:2)
  7 hobgoblins (D:2)
  A ball python skeleton (D:5)
  A bat (D:2)
  3 rats (D:2)
30 creatures vanquished.

Notes
Turn   | Place    | Note
-------+----------+-------------------------------------------
     0 | D:1      | Duffy the Naga Gladiator began the quest for the Orb.
     0 | D:1      | Reached XP level 1. HP: 19/19 MP: 1/1
   110 | D:2      | Reached XP level 2. HP: 26/26 MP: 2/2
   402 | D:2      | Found an iron altar of Okawaru.
   405 | D:2      | Noticed Robin
   407 | D:2      | Reached skill level 4 in Axes
   417 | D:2      | Reached XP level 3. HP: 15/32 MP: 3/3
   475 | D:2      | Killed Robin
   797 | D:3      | You fall through a shaft!
   802 | D:5      | Entered Level 5 of the Dungeon
   876 | D:5      | Noticed a scorpion
   886 | D:5      | Killed a scorpion
   886 | D:5      | Reached skill level 5 in Axes
   886 | D:5      | Reached XP level 4. HP: 36/39 MP: 4/4
   909 | D:5      | Noticed a centaur
   912 | D:5      | HP: 1/39 [centaur/arrow (15)]
   913 | D:5      | Slain by a centaur

Levels and vault maps discovered:
D:1:      tarquinn_simple_flora_water_c, layout_loops_corners, st_stairs_3,
          cheibriados_altar_1
D:2:      layout_loops_ring, okawaru_ov_weapons_minmay, uniq_robin
D:3:      layout_basic, kennysheep_generic_room_6
D:4:      layout_loops_ring, kennysheep_little_box, serial_shops, shop
D:5:      layout_gridville, grunt_temple_overflow_magic_moments, first_ration

Skill      XL: |  1  2  3 |
---------------+----------+-----
Axes           | 4 5 |  5.3
Fighting       | |  2.0
Throwing       | |  1.7
Dodging        | |  2.4

Action                   |  1- 3 |  4- 6 || total
-------------------------+-------+-------++-------
Melee: War axe           |    59 |       ||    59
 Abil: Spit Poison       |     7 |       ||     7
Armor: Ring mail         |    23 |       ||    23
Dodge: Dodged            |    25 |     3 ||    28

Table legend:
 A = Non-vault XP
 B = Vault XP
 C = Vault XP percentage of total XP
 D = Non-vault monster count
 E = Vault monster count
 F = Vault count percentage of total count
                 A         B        C        D         E       F
            +---------+---------+-------+---------+---------+-------
      Total |     101 |      38 |  27.3 |      17 |      13 |  43.3
            +---------+---------+-------+---------+---------+-------
        D:2 |      30 |      38 |  55.9 |      14 |      13 |  48.1
        D:5 |      71 |       0 |   0.0 |       3 |       0 |   0.0
            +---------+---------+-------+---------+---------+-------
